 Dungeon Crawl Stone Soup version 0.17-a0-737-gf0a300a (webtiles) character file.

1588 Ngotmuk the Shield-Bearer (level 8, -1/73 HPs)
             Began as a Deep Dwarf Fighter on Apr 26, 2015.
             Was an Initiate of Ru.
             Slain by Grinder (2 damage)
             ... on level 7 of the Dungeon.
             The game lasted 00:17:10 (4653 turns).

Ngotmuk the Shield-Bearer (Deep Dwarf Fighter)      Turns: 4653, Time: 00:17:10

Health: -1/73      AC: 20    Str: 23    XL:     8   Next: 61%
Magic:  11/11      EV:  6    Int:  8    God:    Ru [......]
Gold:   387        SH: 10    Dex: 12    Spells: 0 memorised, 7 levels left

rFire  . . .     SeeInvis .     a - +0 war axe
rCold  . . .     Clarity  .     k - +0 plate armour
rNeg   . . .     SustAb   .     c - +0 shield
rPois  .         Gourm    .     (no helmet)
rElec  .         Spirit   .     (no cloak)
rCorr  .         Warding  .     (no gloves)
rMut   .         Stasis   .     (no boots)
MR     +....                    (no amulet)
Stlth  ..........               t - +3 ring of protection
                                y - +5 ring of protection

@: non-regenerating, somewhat resistant to hostile enchantments, extremely
unstealthy
A: damage resistance, recharge devices, sense surroundings 1, slow healing 3
a: Device Recharging, Renounce Religion


You were on level 7 of the Dungeon.
You worshipped Ru.
Ru was noncommittal.
You were not hungry.

You visited 2 branches of the dungeon, and saw 8 of its levels.

You collected 387 gold pieces.

Inventory:

Hand weapons
 a - a +0 war axe (weapon)
Missiles
 m - 6 javelins of returning (quivered)
Armour
 c - a +0 shield (worn)
 k - a +0 plate armour (worn)
Jewellery
 t - a +3 ring of protection (right hand)
 y - a +5 ring of protection (left hand)
Magical devices
 e - a wand of heal wounds (0)
 z - a wand of digging (12)
 B - a wand of cold (7)
 E - a wand of slowing (27)
Scrolls
 b - 2 scrolls of recharging {unknown}
 h - a scroll of fear
 i - 2 scrolls of teleportation
 n - 3 scrolls of remove curse
 o - a scroll of enchant armour
 p - 3 scrolls of magic mapping
 s - a scroll of enchant weapon {unknown}
 v - a scroll of acquirement {unknown}
 x - 2 scrolls of amnesia
Potions
 d - 3 potions of might
 j - a potion of invisibility {unknown}
 l - 2 potions of ambrosia {unknown}
 q - a potion of experience {unknown}
 r - a potion of brilliance {unknown}
 u - a potion of restore abilities {unknown}
 A - 3 potions of heal wounds
 C - 2 potions of poison {unknown}
Comestibles
 f - 4 bread rations
 g - a meat ration
 w - 2 fruits


   Skills:
 + Level 4.3 Fighting
 * Level 5.3 Axes
 * Level 6.0 Armour
 + Level 3.7 Dodging
 + Level 4.4 Stealth
 * Level 6.2 Shields
 + Level 4.4 Evocations


You had 7 spell levels left.
You didn't know any spells.

Dungeon Overview and Level Annotations

Branches:
Dungeon (7/15)             Temple (1/1) D:5

Altars:
Cheibriados
Dithmenos
Elyvilon
Fedhas
Gozag
Kikubaaqudgha
Nemelex Xobeh
Okawaru
Qazlal
Ru
Sif Muna
Trog
Xom
Yredelemnul
Zin
The Shining One

Shops:
D:6 (

Annotations:
D:7 Grinder


Innate Abilities, Weirdness & Mutations

You are resistant to damage.
You can recharge devices by infusing magical energy.
You passively map a small area around you.
You do not heal naturally.


Message History

Grinder gestures at you. Pain shoots through your body!
Things that are here:
a poisoned needle; a stone
Things that are here:
a whip; a stone You block Grinder's attack.
You closely miss Grinder.
Grinder is almost dead.
Grinder completely misses you.
You barely miss Grinder.
Grinder is almost dead.
Grinder gestures.
Grinder blinks!
You see here a poisoned needle.
You block Grinder's attack.
You hit Grinder but do no damage.
Grinder is almost dead.
You block Grinder's attack. Grinder hits you.
You die...

..# .....#
#......#
,........#
.........# ,
..........#
..........#
.........5# ,
..........@#
###......####
* #####.)(..#
_, ###().# ,,
#()(# ,
*#..<# , ,
#..(# , *
#...# #####


You could see Grinder.

Vanquished Creatures
  The ghost of Ngotmuk the Shield-Bearer, an average DDFi (D:3)
  4 centaurs
  An ice beast (D:6)
  An ogre (D:4)
  2 black bears (D:6)
  A big kobold (D:7)
  2 giant frog zombies
  3 crimson imps
  5 orc wizards
  Ijyb (D:4)
  2 orc priests
  An iguana (D:5)
  3 worker ants
  8 adders
  2 gnolls (D:2)
  4 river rats (D:2)
  A shadow imp (D:6)
  An adder skeleton (D:4)
  3 worms
  A giant gecko (D:6)
  15 orcs
  8 bats
  6 giant cockroaches
  20 goblins
  5 hobgoblins
  10 jackals
  10 kobolds
  A ball python (D:3)
  A giant gecko zombie (D:6)
  6 giant newts
  2 quokkas
  A quokka skeleton (D:5)
  8 rats
  9 plants (D:2)
149 creatures vanquished.

Vanquished Creatures (others)
  An orc wizard (D:4)
  An orc (D:4)
  A hobgoblin (D:4)
  A plant (D:2)
4 creatures vanquished.

Grand Total: 153 creatures vanquished

Notes
Turn   | Place    | Note
--------------------------------------------------------------
     0 | D:1      | Ngotmuk, the Deep Dwarf Fighter, began the quest for the Orb.
     0 | D:1      | Reached XP level 1. HP: 20/20 MP: 1/1
   398 | D:1      | You fall through a shaft!
   411 | D:2      | Found a sparkling altar of Nemelex Xobeh.
   445 | D:2      | Reached skill level 1 in Evocations
   445 | D:2      | Reached XP level 2. HP: 17/27 MP: 2/2
   461 | D:2      | Found a shimmering altar of Xom.
   475 | D:2      | Reached XP level 3. HP: 12/33 MP: 3/3
   499 | D:2      | Reached skill level 1 in Dodging
   499 | D:2      | Reached skill level 1 in Stealth
   804 | D:2      | Reached XP level 4. HP: 6/42 MP: 5/5
   894 | D:2      | Reached skill level 4 in Shields
  1633 | D:3      | Noticed Ngotmuk's ghost (average DDFi)
  1767 | D:3      | Reached XP level 5. HP: 31/49 MP: 6/6
  1838 | D:4      | Noticed an ogre
  1851 | D:4      | Killed an ogre
  1941 | D:4      | Found a white marble altar of Elyvilon.
  2029 | D:4      | Reached XP level 6. HP: 38/56 MP: 7/7
  2097 | D:4      | Found a glowing golden altar of the Shining One.
  2147 | D:4      | Noticed Ijyb
  2176 | D:4      | Killed Ijyb
  3071 | D:3      | Found a blossoming altar of Fedhas.
  3128 | D:3      | Found a snail-covered altar of Cheibriados.
  3192 | D:3      | Killed Ngotmuk's ghost
  3395 | D:5      | Entered Level 5 of the Dungeon
  3473 | D:5      | Reached skill level 5 in Shields
  3473 | D:5      | Reached XP level 7. HP: 43/63 MP: 9/9
  3484 | D:5      | Found an iron altar of Okawaru.
  3516 | D:5      | Noticed Grinder
  3518 | D:5      | Found a stormy altar of Qazlal.
  3771 | D:5      | Found a staircase to the Ecumenical Temple.
  3780 | Temple   | Entered the Ecumenical Temple
  3785 | Temple   | Became a worshipper of Ru the Awakened
  3918 | D:5      | Reached skill level 5 in Armour
  3995 | D:5      | Found a bloodstained altar of Trog.
  4148 | D:6      | Found a blossoming altar of Fedhas.
  4175 | D:6      | Reached XP level 8. HP: 32/72 MP: 10/10
  4289 | D:6      | Found Qin Heja's Antique Weapon Emporium.
  4325 | D:6      | Reached skill level 5 in Axes
  4346 | D:6      | Reached skill level 6 in Shields
  4607 | D:7      | Paralysed by Grinder for 7 turns
  4631 | D:7      | HP: 2/73 [Grinder/nerve-wracking pain (7)]
  4653 | D:7      | Slain by Grinder

Action                   |  1- 3 |  4- 6 |  7- 9 || total
-------------------------+-------+-------+-------++-------
Melee: War axe           |   111 |   453 |   222 ||   786
Evoke: Wand              |     1 |     6 |     1 ||     8
  Use: Scroll            |       |       |     9 ||     9
  Eat: Meat ration       |       |     1 |     1 ||     2
       Royal jelly       |       |     1 |       ||     1
       Pizza             |       |     1 |       ||     1
       Beef jerky        |       |     1 |       ||     1
       Fruit             |       |       |     1 ||     1
